 Dungeon Crawl Stone Soup version 0.17.0-25-gefc9c12 (webtiles) character file.

1136 septik the Firebug (level 8, -1/41 HPs)
             Began as a Deep Elf Fire Elementalist on Nov 19, 2015.
             Killed by divine providence
             ... invoked by an orc priest
              (12 damage)
             ... on level 4 of the Dungeon.
             The game lasted 00:17:44 (4439 turns).

septik the Firebug (Deep Elf Fire Elementalist)     Turns: 4439, Time: 00:17:44

Health: -1/41      AC:  2    Str:  5    XL:     8   Next: 14%
Magic:  0/19       EV: 13    Int: 23    God:
Gold:   163        SH:  0    Dex: 15    Spells: 4 memorised, 7 levels left

rFire  . . .     SeeInvis .     u - +0 whip (elec)
rCold  . . .     Clarity  .     a - +0 robe
rNeg   . . .     SustAt   .     (no shield)
rPois  .         Gourm    .     (no helmet)
rElec  .         Spirit   .     (no cloak)
rCorr  .         Warding  .     (no gloves)
rMut   .         Stasis   .     (no boots)
MR     .....                    (no amulet)
Stlth  +.........               (no ring)
                                l - ring of loudness (curse)

@: not resistant to hostile enchantments, very unstealthy
A: no striking features
a: no special abilities


You were on level 4 of the Dungeon.
You were hungry.

You visited 1 branch of the dungeon, and saw 4 of its levels.

You collected 163 gold pieces.

Inventory:

Hand Weapons
 j - a +0 club
 u - a +0 whip of electrocution (weapon)
Missiles
 e - 131 stones (quivered)
 n - 3 sling bullets of flame
Armour
 a - a +0 robe (worn)
Jewellery
 l - a cursed ring of loudness (left hand)
Scrolls
 k - a scroll of recharging {unknown}
 o - 2 scrolls of teleportation {unknown}
 r - a scroll of remove curse
Potions
 d - 7 potions of curing
 h - a potion of brilliance
 i - a potion of lignification
 m - a potion of heal wounds
 p - 2 potions of invisibility {unknown}
 s - a potion of agility {unknown}
Books
 b - a book of Flames

   Spells                             Type                      Level
   a - Flame Tongue                   Conjuration/Fire             1
   b - Throw Flame                    Conjuration/Fire             2
   c - Conjure Flame                  Conjuration/Fire             3
   d - Inner Flame                    Hexes/Fire                   3
   e - Sticky Flame                   Conjuration/Fire             4
   f - Fireball                       Conjuration/Fire             5
Comestibles
 c - 4 bread rations
 f - 3 meat rations
 g - 2 royal jellies
 q - 6 chunks of flesh
 t - a beef jerky
 v - a slice of pizza


   Skills:
 - Level 2.4 Dodging
 - Level 2.4 Stealth
 + Level 6.5 Spellcasting
 * Level 6.3 Conjurations
 * Level 7.6 Fire Magic


You had 7 spell levels left.
You knew the following spells:

 Your Spells              Type           Power        Failure   Level  Hunger
a - Flame Tongue          Conj/Fire      #####        1%          1    None
b - Conjure Flame         Conj/Fire      #####...     1%          3    #......
c - Sticky Flame          Conj/Fire      #####...     6%          4    ###....
d - Fireball              Conj/Fire      #####.....   14%         5    #####..


Dungeon Overview and Level Annotations

Branches:
Dungeon (4/15)
 Temple: D:4-7

Altars:


Message History

* * * LOW HITPOINT WARNING * * *
Unknown command.
Casting: Flame Tongue
Confirm with . or Enter, or press ? or * to list all spells.
Aiming: Flame Tongue
Press: ? - help, Shift-Dir - straight line, f/p - orc priest
Aim: an orc priest, wielding a morningstar and wearing a ring mail (severely wounded)
The flame tongue hits the orc priest.
The orc priest is severely wounded.
The orc priest barely misses you.
Unknown command.
You closely miss the orc priest.
The orc priest is severely wounded.
The orc priest misses you.
Unknown command.
You barely miss the orc priest.
The orc priest is severely wounded.
The orc priest calls down the wrath of Beogh upon you.
Something smites you!
You die...

.. #.# #.##.## #.# ... #......
##'## #.# #...... ##...## #.#
####.## ##.....## ### #.# #.##
##......)## ##.###.# #..#
#........[####....#.########<..
+........)'..†................<
#.........####@o..##########...
##.......## ##.#)# #..#
##.....## ###.# #.## ##...##
#.# #.## ##'## #.# ##... #.#
#.# #.... #.# #.# ##... ##.##
#.# #.#. #####...## #†# #.#.


You could see an orc priest.

Vanquished Creatures
  Pikel (D:4)
  The ghost of Niddhoggr the Chopper, an amateur MiBe of Trog (D:3)
  3 scorpions (D:4)
  2 orc priests
  2 worker ants
  2 orc wizards (D:4)
  4 gnolls
  13 adders
  2 worms
  16 orcs
  10 hobgoblins
  8 kobolds
  15 bats
  6 giant cockroaches
  4 giant geckos
  A giant newt (D:1)
  12 goblins
  8 jackals
  2 quokkas
  8 rats
120 creatures vanquished.

Vanquished Creatures (others)
  3 fungi (D:4)
3 creatures vanquished.

Grand Total: 123 creatures vanquished

Notes
Turn   | Place    | Note
--------------------------------------------------------------
     0 | D:1      | septik the Deep Elf Fire Elementalist began the quest for the Orb.
     0 | D:1      | Reached XP level 1. HP: 10/10 MP: 6/6
     7 | D:1      | Noticed a wyvern
     7 | D:1      | Noticed a black bear
     7 | D:1      | Noticed a swamp worm
     7 | D:1      | Noticed a crocodile
   265 | D:1      | Reached XP level 2. HP: 10/15 MP: 1/8
  1037 | D:2      | Reached XP level 3. HP: 17/19 MP: 5/10
  1042 | D:2      | Learned a level 3 spell: Conjure Flame
  1081 | D:2      | Reached skill level 4 in Fire Magic
  1605 | D:2      | Reached XP level 4. HP: 17/24 MP: 6/11
  2247 | D:3      | Noticed Niddhoggr's ghost (amateur MiBe)
  2760 | D:3      | Learned a level 4 spell: Sticky Flame
  2805 | D:3      | Reached skill level 5 in Fire Magic
  2805 | D:3      | Reached XP level 5. HP: 28/28 MP: 9/13
  3176 | D:3      | Killed Niddhoggr's ghost
  3176 | D:3      | Reached XP level 6. HP: 22/32 MP: 0/15
  3183 | D:3      | Learned a level 5 spell: Fireball
  3291 | D:3      | Reached skill level 5 in Spellcasting
  4043 | D:4      | Noticed Pikel
  4073 | D:4      | Killed Pikel
  4073 | D:4      | Reached skill level 6 in Spellcasting
  4073 | D:4      | Reached skill level 5 in Conjurations
  4073 | D:4      | Reached skill level 7 in Fire Magic
  4073 | D:4      | Reached XP level 7. HP: 18/36 MP: 8/18
  4303 | D:4      | Reached XP level 8. HP: 41/41 MP: 5/19
  4439 | D:4      | Killed from afar by an orc priest

Action                   |  1- 3 |  4- 6 |  7- 9 || total
-------------------------+-------+-------+-------++-------
Melee: Club              |    32 |     9 |       ||    41
       Whip              |       |       |    29 ||    29
Throw: Stone             |       |    12 |       ||    12
 Cast: Flame Tongue      |    66 |   158 |    41 ||   265
       Conjure Flame     |     2 |     9 |     5 ||    16
       Sticky Flame      |       |     2 |       ||     2
  Use: Scroll            |     2 |     4 |       ||     6
 Stab: Sleeping          |     1 |       |       ||     1
  Eat: Chunk             |     2 |     8 |     1 ||    11
